[Event "36th Indian-ch U13 Girls 2023"]
[Site "Secunderabad"]
[Date "2023.12.04"]
[Round "1.1"]
[White "Tia Bedi"]
[Black "Kalyani Sirin"]
[Result "0-1"]
[ECO "E65"]
[WhiteElo "1123"]
[BlackElo "1802"]
[Annotator "NA RC"]
[PlyCount "140"]
[EventDate "2023.12.04"]
[EventType "swiss"]
[EventCountry "IND"]
[SourceTitle "playchess.com"]
[Source "ChessBase"]
[SourceQuality "1"]
[TimeControl "5400+30"]

1. d4 Nf6 2. c4 g6 3. Nf3 Bg7 4. g3 O-O 5. Bg2 d6 6. O-O c5 7. Nc3 Nc6 8. b3 Bf5 9. e3 e5 10. dxe5 dxe5 11. Bb2 e4 12. Nd2 Re8 13. a3 Qd6 14. Qc2 Qe6 15. Ne2 g5 16. Rad1 Ne5 17. Bxe5 Qxe5 18. h3 Rad8 19. g4 Bg6 20. Ng3 Kf8 21. Rfe1 Rd3 22. Nb1 Red8 23. Bf1 Rxd1 24. Rxd1 Rxd1 25. Qxd1 Ke7 26. Qc2 h5 27. Be2 h4 28. Nf1 Nd7 29. Nfd2 Ke6 30. b4 Bf8 31. b5 Bd6 32. Nf1 f5 33. Nc3 Nf6 34. Nd5 Nxd5 35. cxd5+ Kf6 36. Qb3 Bf7 37. Bc4 fxg4 38. hxg4 Ke7 39. Kg2 Qf6 40. Qd1 Be8 41. Qe2 Bd7 42. Kh3 Be8 43. a4 Bf7 44. a5 Bc7 45. a6 b6 46. Kg2 Qe5 47. d6+ Bxd6 48. Bxf7 Kxf7 49. Qc4+ Qe6 50. Nd2 Qxc4 51. Nxc4 Bc7 52. f3 h3+ 53. Kxh3 exf3 54. e4 Ke6 55. Nd2 Ke5 56. Nxf3+ Kf4 57. Nd2 Ke3 58. Nc4+ Kxe4 59. Kg2 Kd3 60. Na3 c4 61. Kf3 c3 62. Kf2 Bd6 63. Nc4 Kxc4 64. Ke2 c2 65. Kd2 Kb3 66. Kd3 c1=Q 67. Ke2 Qc3 68. Kf1 Qd2 69. Kg1 Bg3 70. Kf1 Qf2# 0-1

[Event "36th Indian-ch U13 Girls 2023"]
[Site "Secunderabad"]
[Date "2023.12.04"]
[Round "1.2"]
[White "Arshiya Das"]
[Black "Jalawadi Nandika"]
[Result "1-0"]
[ECO "C00"]
[WhiteElo "1729"]
[BlackElo "1122"]
[Annotator "NA RC"]
[PlyCount "73"]
[EventDate "2023.12.04"]
[EventType "swiss"]
[EventCountry "IND"]
[SourceTitle "playchess.com"]
[Source "ChessBase"]
[SourceQuality "1"]
[TimeControl "5400+30"]

1. e4 e6 2. d3 d5 3. Nd2 Nf6 4. Ngf3 Be7 5. g3 O-O 6. Bg2 c5 7. O-O Nc6 8. e5 Nd7 9. Re1 Qc7 10. Qe2 b6 11. Nf1 Ba6 12. c3 Rac8 13. Bf4 Rfd8 14. h4 Nf8 15. h5 b5 16. N1h2 b4 17. Ng4 bxc3 18. bxc3 c4 19. d4 Qa5 20. h6 g6 21. Bg5 Nd7 22. Qd2 Re8 23. Qf4 Qd8 24. Bxe7 Qxe7 25. Rab1 Rb8 26. Ng5 Bb5 27. Bxd5 exd5 28. e6 fxe6 29. Rxe6 Qxe6 30. Nxe6 Rxe6 31. Qc7 Ba4 32. Rxb8+ Ncxb8 33. Ne5 Re8 34. Qd6 a6 35. Qxd5+ Kh8 36. Nf7+ Kg8 37. Nd6+ 1-0

[Event "36th Indian-ch U13 Girls 2023"]
[Site "Secunderabad"]
[Date "2023.12.04"]
[Round "1.3"]
[White "Korukonda Rishitha"]
[Black "Saparya Ghosh"]
[Result "1-0"]
[ECO "A17"]
[WhiteElo "1117"]
[BlackElo "1662"]
[Annotator "NA RC"]
[PlyCount "89"]
[EventDate "2023.12.04"]
[EventType "swiss"]
[EventCountry "IND"]
[SourceTitle "playchess.com"]
[Source "ChessBase"]
[SourceQuality "1"]
[TimeControl "5400+30"]

1. c4 Nf6 2. g3 e6 3. Bg2 d5 4. cxd5 exd5 5. d4 c6 6. Nc3 Bf5 7. Nf3 Bd6 8. O-O h6 9. Nh4 Bh7 10. Qb3 Qc7 11. Nf3 Nbd7 12. Nd2 O-O 13. e4 dxe4 14. Ndxe4 Nxe4 15. Nxe4 Nb6 16. Nc5 Rfd8 17. Be3 Rab8 18. Rac1 Qe7 19. Rfe1 Qf8 20. a3 Bf5 21. Bd2 Bxc5 22. dxc5 Rxd2 23. cxb6 axb6 24. Qxb6 Qd6 25. b4 Rd8 26. Qc5 Qf6 27. Qc3 Qg5 28. h3 R8d3 29. Qe5 Qg6 30. g4 Bxg4 31. hxg4 Rd8 32. Qe8+ Kh7 33. Be4 f5 34. Bxf5 Qxf5 35. gxf5 Rxe8 36. Rxe8 Rd3 37. Ra1 Rf3 38. Rb8 b5 39. Rb6 Rxf5 40. Rxc6 Rf7 41. Rac1 Rf3 42. R1c3 Rf7 43. Rb6 Rf5 44. Kg2 h5 45. Rc5 1-0

[Event "36th Indian-ch U13 Girls 2023"]
[Site "Secunderabad"]
[Date "2023.12.04"]
[Round "1.4"]
[White "Gorli Nyna"]
[Black "Thaniya Shree C"]
[Result "1-0"]
[ECO "C54"]
[WhiteElo "1652"]
[BlackElo "1117"]
[Annotator "NA RC"]
[PlyCount "71"]
[EventDate "2023.12.04"]
[EventType "swiss"]
[EventCountry "IND"]
[SourceTitle "playchess.com"]
[Source "ChessBase"]
[SourceQuality "1"]
[TimeControl "5400+30"]

1. e4 e5 2. Nf3 Nc6 3. Bc4 Bc5 4. c3 Nf6 5. d3 h6 6. Nbd2 O-O 7. O-O d6 8. h3 Be6 9. Bb3 a5 10. Re1 a4 11. Bxa4 Nd7 12. Nf1 f5 13. Bb3 Bxb3 14. Qxb3+ Kh8 15. exf5 Rxf5 16. Ng3 Rf8 17. Qe6 Bxf2+ 18. Kxf2 Nc5 19. Qg4 Nxd3+ 20. Kg1 Nxe1 21. Nxe1 Qf6 22. Nf3 Qf7 23. Be3 Rxa2 24. Rf1 Rxb2 25. Nh4 Qe8 26. Rxf8+ Qxf8 27. Ng6+ Kh7 28. Nxf8+ Kg8 29. Nf5 Kxf8 30. Qxg7+ Ke8 31. Qxc7 Ne7 32. Nxd6+ Kf8 33. Bxh6+ Kg8 34. Qxe7 Kh8 35. Qxe5+ Kh7 36. Qg7# 1-0

[Event "36th Indian-ch U13 Girls 2023"]
[Site "Secunderabad"]
[Date "2023.12.04"]
[Round "1.5"]
[White "Divyasree Kollipara"]
[Black "Nivedita V C"]
[Result "0-1"]
[ECO "C45"]
[WhiteElo "1112"]
[BlackElo "1638"]
[Annotator "NA RC"]
[PlyCount "58"]
[EventDate "2023.12.04"]
[EventType "swiss"]
[EventCountry "IND"]
[SourceTitle "playchess.com"]
[Source "ChessBase"]
[SourceQuality "1"]
[TimeControl "5400+30"]

1. e4 e5 2. Nf3 Nc6 3. d4 exd4 4. Nxd4 Bc5 5. Nb3 Bb6 6. Qe2 d6 7. Nc3 Be6 8. Be3 Nf6 9. O-O-O Ne5 10. Bxb6 axb6 11. h3 Bxb3 12. Qb5+ Nfd7 13. Qxb3 O-O 14. f4 Nc5 15. Qb5 Nc6 16. g3 Ra5 17. Qc4 b5 18. Nxb5 Ra4 19. Qe2 Rxa2 20. Kb1 Qa8 21. Na3 Rxa3 22. bxa3 Qxa3 23. Rd3 Qb4+ 24. Rb3 Nxb3 25. cxb3 Qxb3+ 26. Qb2 Qd1+ 27. Qc1 Qf3 28. Rg1 Ra8 29. Qc2 Nb4 0-1

[Event "36th Indian-ch U13 Girls 2023"]
[Site "Secunderabad"]
[Date "2023.12.04"]
[Round "1.6"]
[White "Kirthika B"]
[Black "Sisika Borelli"]
[Result "1-0"]
[ECO "C68"]
[WhiteElo "1605"]
[BlackElo "1109"]
[Annotator "NA RC"]
[PlyCount "159"]
[EventDate "2023.12.04"]
[EventType "swiss"]
[EventCountry "IND"]
[SourceTitle "playchess.com"]
[Source "ChessBase"]
[SourceQuality "1"]
[TimeControl "5400+30"]

1. e4 e5 2. Nf3 Nc6 3. Bb5 a6 4. Bxc6 dxc6 5. O-O Bd6 6. d4 exd4 7. Qxd4 f6 8. Be3 Ne7 9. Nbd2 O-O 10. Nc4 Be6 11. Qc3 Ng6 12. Nd4 Bf7 13. Rad1 Bxc4 14. Qxc4+ Rf7 15. Nf5 Ne5 16. Qb3 b5 17. Bc5 Nc4 18. Bxd6 Nxd6 19. Qg3 Rd7 20. Nxd6 Rxd6 21. Qg4 Qe7 22. Rxd6 cxd6 23. Rd1 Rd8 24. Qf3 d5 25. exd5 Rxd5 26. h3 Rxd1+ 27. Qxd1 c5 28. Qd5+ Kf8 29. Kf1 Qa7 30. b3 a5 31. Qc6 Kf7 32. Qxb5 Ke6 33. a4 Qc7 34. Qe8+ Kd5 35. Qg8+ Ke5 36. Qxh7 Qd6 37. Qh5+ f5 38. Qe2+ Kf6 39. g3 Qd5 40. Kg1 Qd4 41. Qa6+ Kg5 42. h4+ Kh5 43. Qe2+ Kg6 44. Qe6+ Kh5 45. Qxf5+ Kh6 46. h5 Qd1+ 47. Kg2 Qd6 48. Qg6+ Qxg6 49. hxg6 Kxg6 50. Kf3 Kf7 51. Ke4 Ke6 52. f4 g6 53. g4 Kd6 54. f5 g5 55. f6 Ke6 56. f7 Kxf7 57. Kf5 Kg8 58. Kxg5 Kg7 59. Kf5 Kf7 60. g5 Kg7 61. Ke5 Kg6 62. Kd5 Kxg5 63. Kxc5 Kf5 64. Kb5 Ke5 65. Kxa5 Kd5 66. Kb6 Kd6 67. a5 Kd7 68. a6 Kc8 69. a7 Kd7 70. a8=Q Kd6 71. Qa5 Ke6 72. Qg5 Kf7 73. Qh6 Kg8 74. Qf6 Kh7 75. Qg5 Kh8 76. Kc7 Kh7 77. Kd7 Kh8 78. Ke7 Kh7 79. Kf7 Kh8 80. Qg8# 1-0

[Event "36th Indian-ch U13 Girls 2023"]
[Site "Secunderabad"]
[Date "2023.12.04"]
[Round "1.7"]
[White "Amaya Roy"]
[Black "Pratyasha Jena"]
[Result "0-1"]
[ECO "D00"]
[WhiteElo "1108"]
[BlackElo "1603"]
[Annotator "NA RC"]
[PlyCount "88"]
[EventDate "2023.12.04"]
[EventType "swiss"]
[EventCountry "IND"]
[SourceTitle "playchess.com"]
[Source "ChessBase"]
[SourceQuality "1"]
[TimeControl "5400+30"]

1. d4 d5 2. Nc3 Nf6 3. Bf4 c6 4. e3 Bf5 5. f3 e6 6. g4 Bg6 7. h4 h5 8. g5 Ng8 9. Bd3 Ne7 10. e4 dxe4 11. Nxe4 Nd5 12. Be5 Bxe4 13. Bxe4 Nd7 14. c3 Nxe5 15. dxe5 Qc7 16. g6 O-O-O 17. Qd2 Qxe5 18. O-O-O Bc5 19. Kb1 Ne3 20. Bd3 Nxd1 21. Qxd1 Qe3 22. Kc2 Rd7 23. Ne2 Rhd8 24. Nd4 Bxd4 25. cxd4 Rxd4 26. Re1 Qxd3+ 27. Qxd3 Rxd3 28. f4 fxg6 29. Rxe6 Rf3 30. Rxg6 Rxf4 31. Rxg7 Rxh4 32. Rh7 Rf8 33. Kd2 Rh3 34. Re7 Rf2+ 35. Kd1 Rh1+ 36. Re1 Rxe1+ 37. Kxe1 Rf8 38. Ke2 h4 39. Kd3 h3 40. Kc3 h2 41. Kb3 h1=Q 42. Ka3 Rf3+ 43. Ka4 Qh4+ 44. Ka5 Rf5# 0-1

[Event "36th Indian-ch U13 Girls 2023"]
[Site "Secunderabad"]
[Date "2023.12.04"]
[Round "1.8"]
[White "Shreya G Hipparagi"]
[Black "Lakshanya Barla"]
[Result "1-0"]
[ECO "C28"]
[WhiteElo "1576"]
[BlackElo "1104"]
[Annotator "NA RC"]
[PlyCount "101"]
[EventDate "2023.12.04"]
[EventType "swiss"]
[EventCountry "IND"]
[SourceTitle "playchess.com"]
[Source "ChessBase"]
[SourceQuality "1"]
[TimeControl "5400+30"]

1. e4 e5 2. Nf3 Nc6 3. Bc4 Nf6 4. d3 d5 5. exd5 Nxd5 6. Nc3 Bb4 7. Bd2 Nxc3 8. bxc3 Bc5 9. Ng5 Qf6 10. O-O O-O 11. Ne4 Qe7 12. Bg5 Qd7 13. Nxc5 Qf5 14. Ne4 Be6 15. Bxe6 fxe6 16. Be3 Rad8 17. Qe2 Qg6 18. f4 exf4 19. Rxf4 e5 20. Rxf8+ Rxf8 21. Rf1 Rxf1+ 22. Qxf1 Ne7 23. Bc5 Qe8 24. Bxe7 Qxe7 25. Qf5 a6 26. Qc8+ Kf7 27. Qxb7 h6 28. Qd5+ Kf8 29. Nc5 g5 30. Nd7+ Kg7 31. Qxe5+ Qxe5 32. Nxe5 Kf6 33. d4 Ke6 34. Kf2 a5 35. a4 Kf6 36. Nc6 Ke6 37. Nxa5 Kd5 38. Ke3 c6 39. c4+ Kd6 40. Nxc6 Kxc6 41. d5+ Kd6 42. a5 Kc7 43. a6 Kb8 44. d6 Kc8 45. a7 Kb7 46. d7 Kxa7 47. d8=Q h5 48. c5 h4 49. Qb6+ Ka8 50. c6 g4 51. Qb7# 1-0

[Event "36th Indian-ch U13 Girls 2023"]
[Site "Secunderabad"]
[Date "2023.12.04"]
[Round "1.9"]
[White "Sahasra Samudrala"]
[Black "Sherali Pattnaik"]
[Result "0-1"]
[ECO "C01"]
[WhiteElo "1102"]
[BlackElo "1575"]
[Annotator "NA RC"]
[PlyCount "100"]
[EventDate "2023.12.04"]
[EventType "swiss"]
[EventCountry "IND"]
[SourceTitle "playchess.com"]
[Source "ChessBase"]
[SourceQuality "1"]
[TimeControl "5400+30"]

1. e4 e6 2. d4 d5 3. exd5 exd5 4. Nf3 Bd6 5. Bd3 Ne7 6. Be3 c6 7. c3 Nd7 8. Nbd2 h6 9. h3 Nf6 10. Qc2 Be6 11. a3 Qc7 12. Nb3 b6 13. Rc1 Nh5 14. Nh4 Nf4 15. Bxf4 Bxf4 16. Rd1 O-O 17. Nc1 Rfe8 18. Ne2 Bd6 19. Nf5 Nxf5 20. Bxf5 Bxf5 21. Qxf5 Re6 22. Qd3 Rae8 23. Rd2 Qe7 24. Kd1 Qg5 25. g3 Qf6 26. Rf1 Re3 27. fxe3 Qxf1+ 28. Kc2 Qxh3 29. Qa6 Rxe3 30. Qxa7 Qf5+ 31. Kb3 Re8 32. Ka2 Qg4 33. Nc1 Bxg3 34. Qxb6 Bf4 35. Qxc6 Rc8 36. Qxd5 Bxd2 37. Nb3 Bf4 38. a4 Rb8 39. a5 Qe6 40. Qxe6 fxe6 41. a6 h5 42. Nc5 h4 43. Ne4 Ra8 44. b4 Rxa6+ 45. Kb3 h3 46. Nf2 h2 47. Nh1 Ra1 48. b5 Rxh1 49. b6 Rb1+ 50. Kc4 h1=Q 0-1

[Event "36th Indian-ch U13 Girls 2023"]
[Site "Secunderabad"]
[Date "2023.12.04"]
[Round "1.10"]
[White "Shriyana S Mallya"]
[Black "Anvita Sathi"]
[Result "1-0"]
[ECO "C45"]
[WhiteElo "1561"]
[BlackElo "1101"]
[Annotator "NA RC"]
[PlyCount "89"]
[EventDate "2023.12.04"]
[EventType "swiss"]
[EventCountry "IND"]
[SourceTitle "playchess.com"]
[Source "ChessBase"]
[SourceQuality "1"]
[TimeControl "5400+30"]

1. e4 e5 2. Nf3 Nc6 3. d4 exd4 4. Nxd4 Qf6 5. Nf3 Bc5 6. c3 h6 7. Qe2 d6 8. Be3 Bxe3 9. Qxe3 Be6 10. Bb5 Nge7 11. Nd4 Bd7 12. Nd2 O-O-O 13. Nxc6 Bxc6 14. Be2 Kb8 15. b4 Rhe8 16. b5 Bd7 17. Qg3 Nd5 18. exd5 Bxb5 19. O-O Rxe2 20. a4 Rxd2 21. axb5 Qg5 22. Qf3 Qxd5 23. Qe3 b6 24. c4 Qd4 25. Qa3 Kc8 26. Qxa7 Kd7 27. Rac1 Qe4 28. Qa3 Ra8 29. Qc3 Raa2 30. Rce1 Qf4 31. Qh3+ Kd8 32. Kh1 Rxf2 33. Rg1 Qxc4 34. Qg3 g5 35. Qh3 Qxb5 36. Qxh6 Rae2 37. Ra1 Ke7 38. Rac1 c5 39. Qxg5+ Ke8 40. Ra1 Ra2 41. Qg8+ Kd7 42. Rxa2 Rxa2 43. Qxf7+ Kc6 44. Qe8+ Kd5 45. Qxb5 1-0

[Event "36th Indian-ch U13 Girls 2023"]
[Site "Secunderabad"]
[Date "2023.12.05"]
[Round "2.1"]
[White "Kalyani Sirin"]
[Black "Archita Agrawal"]
[Result "1-0"]
[ECO "C02"]
[WhiteElo "1802"]
[BlackElo "1255"]
[Annotator "NA RC"]
[PlyCount "91"]
[EventDate "2023.12.04"]
[EventType "swiss"]
[EventCountry "IND"]
[SourceTitle "playchess.com"]
[Source "ChessBase"]
[SourceQuality "1"]
[TimeControl "5400+30"]

1. e4 e6 2. d4 d5 3. e5 c5 4. c3 Nc6 5. Nf3 Bd7 6. Be2 f6 7. O-O fxe5 8. Nxe5 Nxe5 9. dxe5 Qc7 10. Re1 Nh6 11. Bxh6 gxh6 12. Bh5+ Kd8 13. Qg4 Qb6 14. b3 Kc7 15. Qh4 Be8 16. Qf6 Bxh5 17. Qxh8 Bg6 18. Qf6 Kd7 19. Nd2 Be7 20. Qg7 h5 21. c4 Rf8 22. cxd5 exd5 23. e6+ Ke8 24. Re3 Qb4 25. Rf3 Qb5 26. Re1 Qc6 27. Qe5 Qd6 28. Rxf8+ Bxf8 29. e7 Qxe5 30. exf8=Q+ Kxf8 31. Rxe5 Bf7 32. f4 a6 33. f5 b5 34. Kf2 Kg7 35. Ke3 Kf6 36. Kf4 a5 37. Re1 c4 38. bxc4 dxc4 39. Ne4+ Kg7 40. Nd6 Kf6 41. Nxb5 Bd5 42. Nc7 Bxg2 43. Ne8+ Kf7 44. Nd6+ Kf8 45. f6 Bc6 46. Rb1 1-0

[Event "36th Indian-ch U13 Girls 2023"]
[Site "Secunderabad"]
[Date "2023.12.05"]
[Round "2.2"]
[White "Stuti Pradeep"]
[Black "Arshiya Das"]
[Result "0-1"]
[ECO "D00"]
[WhiteElo "1257"]
[BlackElo "1729"]
[Annotator "NA RC"]
[PlyCount "184"]
[EventDate "2023.12.04"]
[EventType "swiss"]
[EventCountry "IND"]
[SourceTitle "playchess.com"]
[Source "ChessBase"]
[SourceQuality "1"]
[TimeControl "5400+30"]

1. d4 Nf6 2. Nc3 d5 3. Bf4 c6 4. e3 Bf5 5. f3 h6 6. g4 Bg6 7. h4 e6 8. Bd3 Bxd3 9. Qxd3 Bd6 10. Nge2 Bxf4 11. Nxf4 Nbd7 12. O-O-O Qe7 13. g5 Ng8 14. gxh6 Nxh6 15. e4 O-O-O 16. Nfe2 Nb6 17. Kb1 Ng8 18. exd5 cxd5 19. Nc1 Nf6 20. Nb3 Nfd7 21. Nb5 Kb8 22. Qd2 a6 23. Qh2+ Ka8 24. Nc3 Rc8 25. Rd3 Rh5 26. f4 Nc4 27. Rh3 Qb4 28. Qe2 g6 29. a3 Qd6 30. Qf2 b5 31. Na2 a5 32. Nd2 Ndb6 33. Rb3 Nxd2+ 34. Qxd2 Nc4 35. Qf2 Rb8 36. Rf1 Rhh8 37. Qe1 Qb6 38. Qf2 Qc6 39. Qe1 Qb6 40. Qf2 Qd8 41. Rh1 Qd6 42. Rf1 Rhc8 43. Qe1 Qa6 44. Rh1 Qa7 45. Qf2 Nd6 46. Rd1 Rc4 47. Rc3 Ne4 48. Qe1 Nxc3+ 49. Nxc3 b4 50. axb4 Rcxb4 51. b3 Qb6 52. Rd3 Qa6 53. Na2 R4b6 54. Rc3 a4 55. b4 Rc8 56. Rxc8+ Qxc8 57. Qc1 Qc4 58. Qa3 Ra6 59. Nc3 Ra7 60. b5 Rb7 61. Kc1 Qxd4 62. Nxa4 Qxf4+ 63. Kb1 Rxb5+ 64. Nb2+ Kb7 65. Qe7+ Qc7 66. Qa3 Qc5 67. Qxc5 Rxc5 68. Nd3 Rc4 69. Ne5 Rf4 70. Kc1 Kc7 71. Kd2 Kd6 72. Nd3 Rxh4 73. Ke3 Rh3+ 74. Kd2 Rxd3+ 75. Kxd3 Kc5 76. c3 e5 77. Ke3 Kc4 78. Kd2 f5 79. Kc2 g5 80. Kd2 g4 81. Ke2 Kxc3 82. Ke3 d4+ 83. Ke2 Kc2 84. Kf2 d3 85. Ke3 d2 86. Kf2 d1=Q 87. Kg3 Qh1 88. Kf2 Qf3+ 89. Kg1 Qe2 90. Kh1 g3 91. Kg1 f4 92. Kh1 Qh2# 0-1

[Event "36th Indian-ch U13 Girls 2023"]
[Site "Secunderabad"]
[Date "2023.12.05"]
[Round "2.3"]
[White "Ananya Manisundaram"]
[Black "Gorli Nyna"]
[Result "0-1"]
[ECO "B42"]
[WhiteElo "1250"]
[BlackElo "1652"]
[Annotator "NA RC"]
[PlyCount "72"]
[EventDate "2023.12.04"]
[EventType "swiss"]
[EventCountry "IND"]
[SourceTitle "playchess.com"]
[Source "ChessBase"]
[SourceQuality "1"]
[TimeControl "5400+30"]

1. e4 c5 2. Nf3 e6 3. d4 cxd4 4. Nxd4 a6 5. Bd3 Nf6 6. O-O Qc7 7. Qe2 d6 8. c4 Be7 9. Nc3 O-O 10. f4 e5 11. Nf5 Bxf5 12. exf5 Nc6 13. Kh1 Nd4 14. Qf2 Rfe8 15. h3 Nc6 16. a3 Na5 17. g4 Qc6+ 18. Kh2 e4 19. Bc2 Qxc4 20. g5 Nd5 21. Bd2 e3 22. Bxe3 Nxe3 23. Qxe3 Bxg5 24. Qg3 Bf6 25. Bd3 Qd4 26. Rae1 Nb3 27. Re4 Rxe4 28. Bxe4 Nd2 29. Re1 Re8 30. Bxb7 Rxe1 31. Qxe1 Qxf4+ 32. Kh1 Be5 33. Qe2 Nf1 34. Kg1 Ng3 35. Qf3 Qd2 36. Bxa6 Bd4+ 0-1

[Event "36th Indian-ch U13 Girls 2023"]
[Site "Secunderabad"]
[Date "2023.12.05"]
[Round "2.4"]
[White "Nivedita V C"]
[Black "Vidhi Angelina"]
[Result "1-0"]
[ECO "D35"]
[WhiteElo "1638"]
[BlackElo "1247"]
[Annotator "NA RC"]
[PlyCount "149"]
[EventDate "2023.12.04"]
[EventType "swiss"]
[EventCountry "IND"]
[SourceTitle "playchess.com"]
[Source "ChessBase"]
[SourceQuality "1"]
[TimeControl "5400+30"]

1. d4 d5 2. c4 e6 3. Nc3 Nf6 4. Bf4 c5 5. e3 cxd4 6. exd4 dxc4 7. Bxc4 Bd6 8. Be5 Bxe5 9. dxe5 Qc7 10. exf6 Qxc4 11. Rc1 Bd7 12. fxg7 Rg8 13. Nge2 Bc6 14. O-O Rxg7 15. Ng3 Nd7 16. Nce4 Qd5 17. Qe2 Rxg3 18. hxg3 Qxe4 19. Qxe4 Bxe4 20. Rfd1 Ke7 21. b4 a6 22. g4 Bd5 23. a3 Rg8 24. f3 h5 25. gxh5 Bxf3 26. Rd2 Bc6 27. Kh2 Ne5 28. a4 Ng4+ 29. Kg1 Rg5 30. Rc5 Ne5 31. h6 Nf3+ 32. Kh1 Rxc5 33. bxc5 Ng5 34. Rf2 f5 35. Kh2 Kf6 36. g4 Bxa4 37. gxf5 exf5 38. Rg2 Kg6 39. Rxg5+ Kxh6 40. Rxf5 Bc6 41. Kg3 Kg6 42. Kf4 a5 43. Ke5 a4 44. Rf8 Kg7 45. Ra8 Kf7 46. Kd6 Kf6 47. Rf8+ Kg6 48. Kc7 Kg7 49. Rf2 Kg6 50. Kb6 Kg7 51. Ka5 Kg6 52. Kb4 Kg7 53. Kc4 Kg6 54. Kd4 Kg5 55. Ke5 Kg4 56. Ra2 Kf3 57. Ra3+ Ke2 58. Kd4 Kd2 59. Kc4 Kc2 60. Kb4 Kb2 61. Rh3 Ka2 62. Rh6 Kb2 63. Rh2+ Kb1 64. Rf2 Kc1 65. Kc3 Kb1 66. Re2 a3 67. Kb3 Bd5+ 68. Kxa3 Bc6 69. Kb4 Kc1 70. Ka5 Kd1 71. Rh2 Kc1 72. Kb6 Kd1 73. Rh6 Be4 74. Re6 Bf3 75. Re7 1-0

[Event "36th Indian-ch U13 Girls 2023"]
[Site "Secunderabad"]
[Date "2023.12.05"]
[Round "2.5"]
[White "Pratyasha Jena"]
[Black "Nancee Cheryl"]
[Result "1-0"]
[ECO "C65"]
[WhiteElo "1603"]
[BlackElo "1237"]
[Annotator "NA RC"]
[PlyCount "91"]
[EventDate "2023.12.04"]
[EventType "swiss"]
[EventCountry "IND"]
[SourceTitle "playchess.com"]
[Source "ChessBase"]
[SourceQuality "1"]
[TimeControl "5400+30"]

1. e4 e5 2. Nf3 Nc6 3. Bb5 Bc5 4. d3 Nf6 5. c3 d6 6. Nbd2 O-O 7. O-O a6 8. Ba4 h6 9. h3 Ne7 10. Re1 Ng6 11. Nf1 b5 12. Bc2 Re8 13. d4 exd4 14. cxd4 Bb4 15. Bd2 Bxd2 16. Qxd2 c5 17. Rac1 Bb7 18. Ng3 Qb6 19. e5 dxe5 20. Bxg6 Bxf3 21. dxe5 fxg6 22. exf6 Bb7 23. Qd7 Rxe1+ 24. Rxe1 Qxf6 25. Qxb7 Rf8 26. Qd5+ Kh7 27. Qxc5 Rd8 28. Qc3 Qg5 29. Qe3 Qd5 30. b3 Qc6 31. Rc1 Qf6 32. Rc7 Rd1+ 33. Kh2 h5 34. Qc3 Qf8 35. Qc2 Rd5 36. Qe4 Rd2 37. Qe7 Qg8 38. Qf7 Qxf7 39. Rxf7 Rxa2 40. Ne4 a5 41. Rb7 b4 42. Ng5+ Kh6 43. h4 Rxf2 44. Rb8 Rf8 45. Rxf8 a4 46. Rh8# 1-0

[Event "36th Indian-ch U13 Girls 2023"]
[Site "Secunderabad"]
[Date "2023.12.05"]
[Round "2.6"]
[White "Sequeira Jennica"]
[Black "Shreya G Hipparagi"]
[Result "0-1"]
[ECO "B52"]
[WhiteElo "1248"]
[BlackElo "1576"]
[Annotator "NA RC"]
[PlyCount "106"]
[EventDate "2023.12.04"]
[EventType "swiss"]
[EventCountry "IND"]
[SourceTitle "playchess.com"]
[Source "ChessBase"]
[SourceQuality "1"]
[TimeControl "5400+30"]

1. e4 c5 2. Nf3 d6 3. Bb5+ Bd7 4. Bxd7+ Qxd7 5. O-O Nc6 6. c3 g6 7. d4 cxd4 8. cxd4 Bg7 9. Nc3 Rc8 10. Be3 Na5 11. Rc1 Nc4 12. Qe2 Nxe3 13. Qxe3 Bh6 14. Qd3 Bxc1 15. Rxc1 Nf6 16. h3 O-O 17. Qe3 Kg7 18. e5 dxe5 19. dxe5 Nd5 20. Qxa7 Nxc3 21. Rxc3 Rxc3 22. bxc3 Rc8 23. Qa3 Qc7 24. Qb4 Qxc3 25. Qxb7 Rc6 26. Kh2 Qc1 27. Qb3 Qf4+ 28. g3 Qc4 29. Qb7 Rc7 30. Qb6 Qc5 31. Qb2 Qd5 32. Kg2 Ra7 33. a3 Rb7 34. Qe2 Rb3 35. a4 Qd3 36. Qxd3 Rxd3 37. a5 Ra3 38. Nd4 Rxa5 39. f4 Ra2+ 40. Kf3 Ra3+ 41. Kf2 Rd3 42. Nf3 h5 43. g4 f6 44. Kg2 Ra3 45. exf6+ exf6 46. Nd4 Kf7 47. Ne2 Re3 48. Ng3 h4 49. Nf1 Rd3 50. Nh2 Rg3+ 51. Kf2 Rxh3 52. Nf3 Rxf3+ 53. Kxf3 g5 0-1

[Event "36th Indian-ch U13 Girls 2023"]
[Site "Secunderabad"]
[Date "2023.12.05"]
[Round "2.7"]
[White "Sherali Pattnaik"]
[Black "Bruhathi Kondisetti"]
[Result "1-0"]
[ECO "B12"]
[WhiteElo "1575"]
[BlackElo "1230"]
[Annotator "NA RC"]
[PlyCount "70"]
[EventDate "2023.12.04"]
[EventType "swiss"]
[EventCountry "IND"]
[SourceTitle "playchess.com"]
[Source "ChessBase"]
[SourceQuality "1"]
[TimeControl "5400+30"]

1. e4 c6 2. d4 d5 3. e5 Bf5 4. h4 h5 5. Bd3 Bxd3 6. Qxd3 e6 7. Ne2 Ne7 8. Nbc3 Nf5 9. g3 Nd7 10. Bf4 Qb6 11. Kf1 Be7 12. Kg2 Rc8 13. a4 Qd8 14. Nd1 c5 15. c3 a6 16. Ne3 Nxe3+ 17. fxe3 c4 18. Qc2 g5 19. hxg5 Bxg5 20. e4 Nb6 21. a5 Nd7 22. exd5 exd5 23. Qf5 Be7 24. Rxh5 Rxh5 25. Qxh5 Nf8 26. Bh6 Rc6 27. Rf1 Ng6 28. Qf5 Nh8 29. Bg7 Ng6 30. Qxf7+ Kd7 31. Qxd5+ Kc8 32. Qxd8+ Kxd8 33. d5 Rc5 34. d6 Bg5 35. Nd4 Kd7 1-0

[Event "36th Indian-ch U13 Girls 2023"]
[Site "Secunderabad"]
[Date "2023.12.05"]
[Round "2.8"]
[White "Sandeepa Priyadarshini Sahoo"]
[Black "Shriyana S Mallya"]
[Result "1-0"]
[ECO "C46"]
[WhiteElo "1245"]
[BlackElo "1561"]
[Annotator "NA RC"]
[PlyCount "113"]
[EventDate "2023.12.04"]
[EventType "swiss"]
[EventCountry "IND"]
[SourceTitle "playchess.com"]
[Source "ChessBase"]
[SourceQuality "1"]
[TimeControl "5400+30"]

1. e4 e5 2. Nf3 Nc6 3. Nc3 Bc5 4. Nxe5 Nxe5 5. d4 Bd6 6. dxe5 Bxe5 7. Be3 Bxc3+ 8. bxc3 Qe7 9. Qd4 Qf6 10. Qc5 Ne7 11. Bg5 Qe6 12. O-O-O f6 13. Be3 Qc6 14. Qh5+ g6 15. Qh6 Qxc3 16. Bd4 Qa3+ 17. Bb2 Qxa2 18. Bxf6 Rf8 19. Bxe7 Kxe7 20. Qg7+ Qf7 21. Qe5+ Kd8 22. g3 Qe7 23. Qd4 a5 24. Qa4 Rxf2 25. Bd3 d6 26. Rdf1 Rxf1+ 27. Rxf1 c5 28. Qb3 Qg5+ 29. Kb1 Qe5 30. Qb6+ Ke7 31. Bb5 Qe6 32. Qc7+ Bd7 33. Bxd7 Qxd7 34. Rf7+ Kxf7 35. Qxd7+ Kf6 36. Qxd6+ Kg7 37. Qxc5 a4 38. Ka2 Re8 39. Qd4+ Kh6 40. Qxa4 Re6 41. Qd4 Rc6 42. c4 Ra6+ 43. Kb3 Rc6 44. e5 g5 45. Qd6+ Kg7 46. Qd7+ Kg6 47. Qxb7 Re6 48. Qe4+ Kh6 49. c5 Kh5 50. Qxh7+ Rh6 51. g4+ Kxg4 52. Qxh6 Kf3 53. e6 Kg2 54. Qxg5+ Kh1 55. e7 Kxh2 56. e8=Q Kh1 57. Qeh5# 1-0

[Event "36th Indian-ch U13 Girls 2023"]
[Site "Secunderabad"]
[Date "2023.12.05"]
[Round "2.9"]
[White "Yasaswi Krishna Bommi"]
[Black "Kashvy Sabharwal"]
[Result "1-0"]
[ECO "B25"]
[WhiteElo "1543"]
[BlackElo "1213"]
[Annotator "NA RC"]
[PlyCount "89"]
[EventDate "2023.12.04"]
[EventType "swiss"]
[EventCountry "IND"]
[SourceTitle "playchess.com"]
[Source "ChessBase"]
[SourceQuality "1"]
[TimeControl "5400+30"]

1. Nf3 Nf6 2. g3 g6 3. Bg2 Bg7 4. d3 d6 5. e4 c5 6. O-O Nc6 7. Nc3 Bg4 8. h3 Bxf3 9. Bxf3 Nd4 10. Bg2 Rb8 11. Be3 Nd7 12. a4 Nc6 13. Qc1 a6 14. Bh6 O-O 15. Bxg7 Kxg7 16. f4 h6 17. Ne2 Qb6 18. Kh2 Rbc8 19. g4 Qc7 20. Ng3 Nf6 21. c3 Qd7 22. Qe3 Qxg4 23. e5 Nd5 24. Bxd5 Qd7 25. e6 fxe6 26. Bxe6 Qc7 27. Nh5+ Kh7 28. Rg1 d5 29. Qg3 Rg8 30. Rae1 Qd8 31. Bxg8+ Qxg8 32. Rxe7+ Nxe7 33. Nf6+ Kh8 34. Nxg8 Rxg8 35. Qh4 Nf5 36. Qf6+ Kh7 37. Qf7+ Rg7 38. Qxd5 Nh4 39. Re1 b6 40. Re8 a5 41. Qa8 g5 42. Rh8+ Kg6 43. Qe8+ Rf7 44. Rg8+ Kf6 45. Qe5# 1-0